 Dungeon Crawl Stone Soup version 0.29.1-15-g9cfb28693d (webtiles) character file.

Game seed: 1811857474924252508

1241 Descartes the Shield-Bearer (level 8, 0/42 HPs)
             Began as a Vine Stalker Fighter on Apr 3, 2023.
             Was a Follower of Fedhas.
             Slain by an orc warrior
             ... wielding a +0 scimitar
              (2 damage)
             ... on level 6 of the Dungeon.
             The game lasted 00:08:15 (5284 turns).

Descartes the Shield-Bearer (Vine Stalker Fighter)  Turns: 5284, Time: 00:08:15

Health: 0/42       AC: 12    Str: 21    XL:     8   Next: 49%
Magic:  0/14       EV:  5    Int:  8    God:    Fedhas [*.....]
Gold:   286        SH:  5    Dex: 14    Spells: 14/14 levels left

rFire   . . .      SeeInvis .   a - +0 war axe
rCold   . . .      Faith    .   c - +0 buckler
rNeg    . . .      Spirit   +   p - +0 plate armour
rPois   +          Reflect  .   (no helmet)
rElec   .          Harm     .   (no cloak)
rCorr   .          Rampage  .   (no gloves)
Will    +....                   k - +0 pair of boots
Stlth   ..........              (no amulet)
HPRegen 0.94/turn               f - ring of poison resistance
MPRegen 0.14/turn               (no ring)

@: no status effects
A: fangs 3, regeneration 1, magic shield, antimagic bite, no potion heal 2
a: Renounce Religion


You were on level 6 of the Dungeon.
You worshipped Fedhas.
Fedhas was aware of your devotion.
You visited 2 branches of the dungeon, and saw 7 of its levels.

You collected 286 gold pieces.

Inventory:

Hand Weapons
 a - a +0 war axe (weapon)
 z - a +0 battleaxe
Missiles
 h - 8 boomerangs (quivered)
 r - 8 poisoned darts
 y - 6 curare-tipped darts
Armour
 c - a +0 buckler (worn)
 k - a +0 pair of boots (worn)
 p - a +0 plate armour (worn)
Jewellery
 f - a ring of poison resistance (left hand)
 u - a ring of ice
Wands
 A - a wand of paralysis (2)
Scrolls
 b - a scroll of noise {unknown}
 j - 6 scrolls of identify {unknown}
 q - 2 scrolls of blinking {unknown}
 w - a scroll of immolation {unknown}
 x - a scroll of poison {unknown}
 B - a scroll of fog {unknown}
Potions
 d - a potion of might
 e - 4 potions of curing
 g - 4 potions of attraction {unknown}
 i - a potion of lignification {unknown}
 l - a potion of mutation {unknown}
 m - 3 potions of invisibility {unknown}
 n - 3 potions of brilliance
 o - a potion of haste {unknown}
 s - 2 potions of cancellation {unknown}
 t - 2 potions of heal wounds {unknown}
 v - a potion of ambrosia {unknown}


   Skills:
 + Level 4.4 Fighting
 + Level 3.9 Axes
 + Level 4.0 Armour
 + Level 4.5 Shields
 + Level 3.6 Spellcasting
 + Level 2.4 Invocations
 + Level 3.2 Evocations


You had 14 spell levels left.
You didn't know any spells.
Your spell library contained the following spells:

 Spells                   Type           Power      Damage    Failure   Level
 Apportation              Tloc           2%         N/A       100%        1
 Freeze                   Ice            4%         1d3       100%        1
 Static Discharge         Conj/Air       1%         3-4/arc   100%        2
 Frozen Ramparts          Ice            2%         1d1       100%        3
 Gell's Gravitas          Tloc           1%         N/A       100%        3
 Lesser Beckoning         Tloc           1%         N/A       100%        3
 Teleport Other           Tloc           1%         N/A       100%        3
 Hailstorm                Conj/Ice       1%         3d3       100%        4
 Alistair's Intoxication  Tmut/Pois      0%         N/A       100%        5
 Lightning Bolt           Conj/Air       0%         1d11      100%        5
 Maxwell's Capacitive Co  Air            0%         ∞         100%        8


Dungeon Overview and Level Annotations

Branches:
Dungeon (6/15)             Temple (1/1) D:4

Altars:
Dithmenos
Elyvilon
Fedhas
Gozag
Hepliaklqana
Kikubaaqudgha
Makhleb
Okawaru
Qazlal
Ru
Trog
Uskayaw
Vehumet
Wu Jian
Yredelemnul
Zin


Innate Abilities, Weirdness & Mutations

You have razor-sharp teeth.
Your natural rate of healing is unusually fast.
When hurt, damage is shared between your health and your magic reserves.
Your bite disrupts and absorbs the magic of your enemies.
Potions cannot restore your health.


Message History

Unknown command.
You barely miss the ice beast.
The ice beast is almost dead.
The ice beast barely misses you.
You hit the ice beast.
You kill the ice beast!
Fedhas accepts your kill. The orc warrior barely misses you.
Your Armour skill increases to level 4!
You hit the orc warrior.
The orc warrior is lightly wounded.
The orc warrior hits you with a +0 scimitar.
You barely miss the orc warrior.
The orc warrior is lightly wounded.
The orc warrior hits you with a +0 scimitar.
You hit the orc warrior but do no damage.
The orc warrior is lightly wounded.
The orc warrior hits you with a +0 scimitar!
* * * LOW HITPOINT WARNING * * *
You block the orc warrior's attack.
You slash the orc warrior! Your bite misses the orc warrior.
The orc warrior is heavily wounded.
The orc warrior hits you but does no damage.
You hit the orc warrior but do no damage.
Your bite misses the orc warrior.
The orc warrior is heavily wounded.
You block the orc warrior's attack.
You hit the orc warrior. Your bite misses the orc warrior.
The orc warrior is severely wounded.
The orc warrior hits you with a +0 scimitar!
* * * LOW HITPOINT WARNING * * *
The orc warrior hits you with a +0 scimitar.
* * * LOW HITPOINT WARNING * * *
The orc warrior attacks as you move away!
The orc warrior hits you with a +0 scimitar.
* * * LOW HITPOINT WARNING * * *
The orc warrior attacks as you move away!
The orc warrior hits you with a +0 scimitar.
You die...
Fedhas appreciates your contribution to the ecosystem.

##....................
...................#..
...............#.#...
# #........##.###....
# #.#
##.......#####..... #.
...###......## ##.#..
# .. #......####
#..#.. #. .# #.#....#
###..# #. .##...@#.#
#### #.#..###o#.#
#.#††[#.#.# #..###.#.#
#.##o...#.# #.
#.#..#.# .. #....#.#
.# ..###.# # #.#. #.#


You could see an orc warrior.

Vanquished Creatures
  An ice beast (D:6)
  An ogre (D:5)
  2 bullfrogs (D:6)
  2 scorpions
  A necrophage (D:5)
  A howler monkey (D:5)
  2 vampire bats (D:3)
  A jelly (D:6)
  An orc priest (D:5)
  6 hounds
  Natasha (twice) (D:2)
  2 iguanas (D:5)
  2 orc wizards
  Robin (D:2)
  10 adders
  2 gnolls (D:6)
  3 ufetubi
  A worm (D:3)
  4 dart slugs
  10 orcs
  9 ball pythons
  5 endoplasms
  2 giant cockroaches (D:3)
  10 goblins
  7 hobgoblins
  8 quokkas
  11 bats
  4 frilled lizards
  10 kobolds
  3 rats
124 creatures vanquished.

Notes
Turn   | Place    | Note
-------+----------+-------------------------------------------
     0 | D:1      | Descartes the Vine Stalker Fighter began the quest for the
                  | Orb.
     0 | D:1      | Reached XP level 1. HP: 11/11 MP: 2/2
   320 | D:1      | Reached XP level 2. HP: 16/16 MP: 3/3
   659 | D:1      | Found a faded altar of an unknown god.
   748 | D:1      | Reached skill level 1 in Spellcasting
   855 | D:1      | Reached XP level 3. HP: 13/19 MP: 5/5
  1866 | D:2      | Noticed Robin
  1876 | D:2      | Killed Robin
  1877 | D:2      | Reached skill level 1 in Evocations
  1877 | D:2      | Gained mutation: Your natural rate of healing is unusually
                  | fast. [Vine Stalker growth]
  1877 | D:2      | Reached XP level 4. HP: 18/24 MP: 3/6
  1970 | D:2      | Found a radiant altar of Vehumet.
  2130 | D:2      | Noticed Natasha
  2140 | D:2      | Killed Natasha
  2450 | D:2      | Found a radiant altar of Vehumet.
  2731 | D:2      | Noticed Natasha
  2739 | D:2      | Killed Natasha
  2740 | D:2      | Reached XP level 5. HP: 28/28 MP: 8/8
  3275 | D:3      | Reached XP level 6. HP: 30/32 MP: 10/10
  3974 | D:4      | Found a stormy altar of Qazlal.
  3974 | D:4      | Found a blossoming altar of Fedhas.
  3974 | D:4      | Found a basalt altar of Yredelemnul.
  3975 | D:4      | Found a radiant altar of Vehumet.
  3981 | D:4      | Became a worshipper of Fedhas Madash
  4240 | D:4      | Found a staircase to the Ecumenical Temple.
  4266 | Temple   | Entered the Ecumenical Temple
  4627 | D:5      | Entered Level 5 of the Dungeon
  4635 | D:5      | Reached XP level 7. HP: 37/37 MP: 11/11
  4642 | D:5      | Reached skill level 1 in Invocations
  4783 | D:5      | Reached * piety under Fedhas
  4799 | D:5      | Gained mutation: You have razor-sharp teeth. [Vine Stalker
                  | growth]
  4799 | D:5      | Reached XP level 8. HP: 14/42 MP: 4/13
  5282 | D:6      | HP: 2/42 [orc warrior/+0 scimitar (4)]
  5284 | D:6      | Slain by an orc warrior

Illustrated notes

Levels and vault maps discovered:
D:1:      minmay_arrival_plants_in_alcoves, layout_basic,
          shapermc_ecumenical_altar_starsandcircs, columned_hall_lemuel,
          minivault_23
D:2:      layout_basic, basic_altar, uniq_robin, uniq_natasha
D:3:      layout_basic, minivault_14, roderic_batcave
D:4:      layout_basic, chequers_temple_overflow_statue_of_worship,
          minmay_temple_entry_mist, guppyfry_early_lair_pool
D:5:      layout_cave_pools
D:6:      layout_cave_pools, led_sif_book, lemuel_coloured_pillars_altar,
          cheibrodos_sewer_entry_bend, minmay_starry_boxes, uniq_sigmund
Temple:   chequers_temple_sunken

Skill      XL: |  1  2  3  4  5  6  7  8 |
---------------+-------------------------+-----
Axes           | 2 3 |  3.9
Spellcasting   | 1 2 3 |  3.6
Fighting       | 3 4 |  4.4
Shields        | 3 4 |  4.5
Evocations     | 1 2 3 |  3.2
Armour         | 3 4 |  4.0
Invocations    | 1 2 |  2.4

Action                   |  1- 3 |  4- 6 |  7- 9 || total
-------------------------+-------+-------+-------++-------
Melee: War axe           |    87 |   169 |    92 ||   348
       Bite              |    20 |    40 |    31 ||    91
  Use: Potion            |       |       |     2 ||     2
Armor: Scale mail        |    35 |       |       ||    35
       Chain mail        |    12 |     4 |       ||    16
       Plate armour      |       |   174 |    81 ||   255
Dodge: Dodged            |    29 |    77 |    31 ||   137
Block: Buckler           |    25 |    67 |    31 ||   123
